 Dungeon Crawl Stone Soup version 0.18-a0-1800-gdc7a371 (webtiles) character file.

40 M4edhros the Grave Robber (level 3, -2/21 HPs)
             Began as an Octopode Necromancer on Apr 24, 2016.
             Slain by Blork the orc
             ... wielding a +0 flail
              (8 damage)
             ... on level 4 of the Dungeon.
             The game lasted 00:14:32 (752 turns).

M4edhros the Grave Robber (Octopode Necromancer)     Turns: 752, Time: 00:14:33

Health: -2/21      AC:  1    Str:  7    XL:     3   Next: 50%
Magic:  0/6        EV: 12    Int: 17    God:
Gold:   87         SH:  0    Dex: 13    Spells: 3 memorised, 1 level left

rFire  . . .     SeeInvis .       - Unarmed
rCold  . . .     Gourm    .     (no shield)
rNeg   . . .     Faith    .     (helmet restricted)
rPois  .         Spirit   .     (no amulet)
rElec  .         Dismiss  .     (no ring)
rCorr  .         Reflect  .     (no ring)
SustAt .         Harm     .     (no ring)
MR     .....                    (no ring)
Stlth  +++.......               (no ring)
                                (no ring)
                                (no ring)
                                (no ring)

@: not resistant to hostile enchantments, fairly stealthy
A: almost no armour, amphibious, 8 rings, constrict 8, camouflage 1, gelatinous
body 1
a: no special abilities


You were on level 4 of the Dungeon.
You were hungry.

You visited 1 branch of the dungeon, and saw 4 of its levels.

You collected 87 gold pieces.

Inventory:

Scrolls
 e - a scroll of random uselessness
 g - a scroll of magic mapping {unknown}
 h - a scroll of enchant armour {unknown}
Books
 a - a book of Necromancy

   Spells                             Type                      Level
   a - Pain                           Necromancy                   1
   b - Animate Skeleton               Necromancy                   1
   c - Vampiric Draining              Necromancy                   3
   d - Regeneration                   Charms/Necromancy            3
   e - Animate Dead                   Necromancy                   4
   f - Control Undead                 Necromancy                   4
Comestibles
 b - 3 bread rations
 c - 2 slices of pizza
 d - a meat ration
 f - a royal jelly


   Skills:
 - Level 2.0 Dodging
 - Level 2.6 Stealth
 + Level 3.0 Unarmed Combat
 - Level 2.0 Spellcasting
 - Level 4.0 Necromancy


You had one spell level left.
You knew the following spells:

 Your Spells              Type           Power        Failure   Level  Hunger
a - Pain                  Necr           ###.         3%          1    #......
b - Animate Skeleton      Necr           N/A          3%          1    #......
r - Regeneration          Chrm/Necr      #.........   24%         3    ###....


Dungeon Overview and Level Annotations

Branches:
Dungeon (4/15)
 Temple: D:4-7

Altars:
Okawaru

Annotations:
D:2 Robin
D:4 Blork the orc, Menkaure


Innate Abilities, Weirdness & Mutations

You cannot wear most types of armour.
You are amphibious.
You can wear up to eight rings at the same time.
You can use your tentacles to constrict eight enemies at once.
Your skin changes colour to match your surroundings (Stealth).
Your rubbery body absorbs attacks (AC +1).


Message History

You constrict Blork the orc, but do no damage.
Blork the orc screams, "I'm much stronger than you!"
Blork the orc drinks a potion.
Blork the orc seems to grow stronger.
You tentacle-slap Blork the orc.
Blork the orc is lightly wounded.
You constrict Blork the orc, but do no damage.
Blork the orc barely misses you.
You tentacle-slap Blork the orc.
Blork the orc is lightly wounded.
You constrict Blork the orc, but do no damage.
Blork the orc hits you with a flail.
You tentacle-slap Blork the orc. You squeeze Blork the orc.
Blork the orc is moderately wounded.
Your skin stops crawling.
You constrict Blork the orc. Blork the orc hits you with a flail!
* * * LOW HITPOINT WARNING * * *
You tentacle-slap Blork the orc but do no damage.
Blork the orc is moderately wounded.
You constrict Blork the orc. Blork the orc hits you with a flail!
You die...

#.......##.... #.#
#.......##...# ...
<............ ...
............
#####.# ..........
♣♣...... #...##.
♣♣......# #...##.
♣......o#######...#
...≈≈≈a@.##<......#
..≈≈≈≈≈..##.###...#
..≈≈♣≈≈...........#
..≈≈≈≈≈..##.###...#
...≈≈≈...##.# ##.##
♣.......###.# #.#
♣♣....... ..# #.#
♣♣#.#### ### .# #$


You could see Blork the orc and a worker ant.

Vanquished Creatures
  A dart slug (D:1)
  An orc (D:3)
  4 bats
  A giant cockroach (D:2)
  10 goblins
  5 hobgoblins
  2 jackals (D:3)
  2 ball pythons (D:1)
  A giant gecko skeleton (D:3)
  3 giant newts
  A kobold (D:1)
  2 rats (D:1)
33 creatures vanquished.

Vanquished Creatures (collateral kills)
  A goblin (D:2)
1 creature vanquished.

Grand Total: 34 creatures vanquished

Notes
Turn   | Place    | Note
--------------------------------------------------------------
     0 | D:1      | M4edhros the Octopode Necromancer began the quest for the Orb.
     0 | D:1      | Reached XP level 1. HP: 11/11 MP: 3/3
   122 | D:1      | Reached skill level 1 in Unarmed Combat
   144 | D:1      | Reached XP level 2. HP: 6/17 MP: 0/5
   326 | D:2      | Learned a level 1 spell: Animate Skeleton
   332 | D:2      | Noticed Robin
   354 | D:2      | Reached XP level 3. HP: 2/21 MP: 3/6
   408 | D:1      | Learned a level 3 spell: Regeneration
   629 | D:4      | Found an iron altar of Okawaru.
   676 | D:4      | Noticed Menkaure
   717 | D:4      | Noticed Blork the orc
   752 | D:4      | Slain by Blork the orc

Vault maps used:
D:1:      dpeg_arrival_tiny_a
D:2:      kiku_gazebo_garden_becter, first_bread, serial_co_window_serial,
          co_window_of_opportunity_a, co_window_paths_b, co_window_corner_a,
          co_window_paths_b, co_window_of_opportunity_a, co_window_corner_ca,
          co_window_unsneaky_path_e, co_window_cross_3, co_window_4corner_a,
          glass_columns_a, glass_columns_b, glass_columns_b, uniq_robin
D:3:      serial_forest, infiniplex_forest_lined_room_3,
          infiniplex_forest_end_2, infiniplex_forest_zigzag_1,
          infiniplex_forest_lined_4_way, infiniplex_forest_fountain,
          infiniplex_forest_lined_room_, infiniplex_forest_clump_double
D:4:      elyvilon_altar_3, kennysheep_okawaru_gauntlet,
          minmay_temple_entry_overgrown, led_sif_pool, uniq_menkaure,
          uniq_blork_the_orc

Skill      XL: |  1  2  3 |
---------------+----------+-----
Unarmed Combat | 1 2 3 |  3.0
Dodging        | |  2.0
Stealth        | |  2.6
Spellcasting   | |  2.0
Necromancy     | |  4.0

Action                   || total
-------------------------++-------
Melee: Unarmed           ||    44
       Tentacles         ||     9
       Constrict         ||    11
 Cast: Pain              ||    30
       Animate Skeleton  ||     2
       Regeneration      ||     4
  Use: Scroll            ||     3
       Potion            ||     2
 Stab: Sleeping          ||     4
Armor: Skin              ||     8
Dodge: Dodged            ||    46
